 Dungeon Crawl Stone Soup version 0.29-a0-559-g359e09b9d1 (webtiles) character file.

Game seed: 15039204535497603403

205 Bruhh the Ogre Mage (level 5, -2/45 HPs)
             Began as an Ogre Earth Elementalist on June 10, 2022.
             Slain by an orc
             ... wielding a +0 flail
              (3 damage)
             ... on level 3 of the Dungeon.
             The game lasted 00:03:54 (3347 turns).

Bruhh the Ogre Mage (Ogre Earth Elementalist)       Turns: 3347, Time: 00:03:55

Health: -2/45      AC:  3    Str: 12    XL:     5   Next: 83%
Magic:  7/12       EV:  9    Int: 18    God:
Gold:   96         SH:  0    Dex:  9    Spells: 12/13 levels left

rFire   . . .      SeeInvis .   l - +2 dagger (venom)
rCold   . . .      Faith    .   (no shield)
rNeg    . . .      Spirit   .   b - +0 robe
rPois   .          Reflect  .   (helmet restricted)
rElec   .          Harm     .   (no cloak)
rCorr   .          Rampage  .   (gloves unavailable)
Will    .....                   (boots unavailable)
Stlth   +.........              (no amulet)
HPRegen 0.15/turn               (no ring)
MPRegen 0.13/turn               (no ring)

@: very slightly contaminated
A: large, unfitting armour, tough skin 1
a: no special abilities


You were on level 3 of the Dungeon.
You visited 1 branch of the dungeon, and saw 4 of its levels.
You also visited: Sewer.

You collected 156 gold pieces.
You spent 60 gold pieces at shops.

Inventory:

Hand Weapons
 l - a +2 dagger of venom (weapon)
Missiles
 a - 73 stones
Armour
 b - a +0 robe (worn)
Jewellery
 i - a ring of protection from fire
 r - a ring of poison resistance
Wands
 q - a wand of iceblast (6)
Scrolls
 d - a scroll of magic mapping
 f - a scroll of fear
 g - a scroll of blinking {unknown}
 h - a scroll of amnesia
 j - a scroll of torment {unknown}
 m - 2 scrolls of brand weapon {unknown}
 o - a scroll of identify {unknown}
 p - a scroll of noise {unknown}
 u - a scroll of teleportation {unknown}
Potions
 c - 4 potions of magic
 e - 2 potions of mutation {unknown}
 k - a potion of resistance {unknown}
 n - 2 potions of lignification {unknown}
 s - 2 potions of heal wounds
 t - a potion of degeneration {unknown}


   Skills:
 - Level 1.7 Dodging
 - Level 1.4 Stealth
 + Level 4.8 Spellcasting
 + Level 0.2 Conjurations
 - Level 0.8 Transmutations
 + Level 4.4 Earth Magic


You had 12 spell levels left.
You knew the following spells:

 Your Spells              Type           Power      Damage    Failure   Level
a - Sandblast             Erth           40%        2d10      2%          1

Your spell library contained the following spells:

 Spells                   Type           Power      Damage    Failure   Level
 Passwall                 Tmut/Erth      10%        N/A       7%          2
 Slow                     Hex            16%        N/A       14%         1
 Stone Arrow              Conj/Erth      24%        3d8       16%         3
 Confusing Touch          Hex            4%         N/A       38%         3
 Vampiric Draining        Necr           4%         2d6       38%         3
 Petrify                  Tmut/Erth      13%        N/A       41%         4


Dungeon Overview and Level Annotations

Branches:
Dungeon (4/15)              Sewer (visited)
 Temple: D:4-7

Altars:
Xom

Shops:
D:3 (=!(*

Annotations:
D:3 4 runed translucent doors, Crazy Yiuf; paps's ghost, amateur OpSu


Innate Abilities, Weirdness & Mutations

You are too large for most types of armour.
You have tough skin. (AC +1)


Message History

There are no items here.
The quokka barely misses you. The orc hits you with a +0 flail.
The orc barely misses you.
You climb upwards.
Level annotation: 4 runed translucent doors, Crazy Yiuf; paps's ghost, amateur OpSu
There is a stone staircase leading down here.
You are too injured to fight recklessly!
You are too injured to fight recklessly!
Casting: Sandblast (safe; 2% risk of failure)
Confirm with . or Enter, or press ? or * to list all spells.
Aiming: Sandblast (safe; 2% risk of failure)
Press: ? - help, Shift-Dir - straight line, f - quokka
Aim: a quokka (73% to hit)
The blast of sand misses the quokka.
The quokka bites you. The orc barely misses you.
The quokka twitches its whiskers.
The quokka bites you but does no damage.
The orc hits you but does no damage.
Casting: Sandblast (safe; 2% risk of failure)
Confirm with . or Enter, or press ? or * to list all spells.
Aiming: Sandblast (safe; 2% risk of failure)
Press: ? - help, Shift-Dir - straight line, f/p - quokka
Aim: a quokka (73% to hit)
The blast of sand hits the quokka!
You kill the quokka!
The orc barely misses you. The orc closely misses you.
Unknown command.
The orc attacks as you move away! The orc hits you with a +0 flail!
* * * LOW HITPOINT WARNING * * *
Casting: Sandblast (safe; 2% risk of failure)
Confirm with . or Enter, or press ? or * to list all spells.
Aiming: Sandblast (safe; 2% risk of failure)
Press: ? - help, Shift-Dir - straight line, f - orc
Aim: an orc, wielding a +0 flail and wearing a +0 chain mail (86% to hit)
The blast of sand hits the orc.
The orc is heavily wounded.
The orc hits you with a +0 flail!
* * * LOW HITPOINT WARNING * * *
The orc hits you with a +0 flail.
You die...

..............##.#######
.############.##># .#
#..#.# .# ##.#.# .#
#...# .# ##..# .#
#..################ .#
##oo..............# .#
#@#...♣..........# .#
#.#.♣.∩.♣........# .#
#.#...♣.....###### .#
#.#............# .#
#.#.........##.# .#
##############.## .#
#..# .# ##.# ## ###**
#####.#


You could see 2 orcs.

Vanquished Creatures
  Pargi (Sewer)
  5 adders
  2 orcs (D:4)
  3 ball pythons
  6 bats
  4 endoplasms
  2 giant cockroaches (Sewer)
  5 goblins
  3 hobgoblins
  4 jackals (D:1)
  9 quokkas
  4 frilled lizards
  10 kobolds
  6 rats
64 creatures vanquished.

Notes
Turn   | Place    | Note
-------+----------+-------------------------------------------
     0 | D:1      | Bruhh the Ogre Earth Elementalist began the quest for the
                  | Orb.
     0 | D:1      | Reached XP level 1. HP: 16/16 MP: 3/3
   275 | D:1      | Reached XP level 2. HP: 24/24 MP: 3/5
   729 | D:1      | Reached XP level 3. HP: 31/31 MP: 2/7
  1074 | D:2      | Found a shimmering altar of Xom.
  1350 | D:2      | Found a faded altar of an unknown god.
  1358 | D:2      | Reached XP level 4. HP: 32/39 MP: 6/9
  2081 | D:3      | Found Xiaruq's General Store.
  2118 | D:3      | Found Qucyrep's Distillery.
  2252 | D:3      | Found Riqufam's Jewellery Emporium.
  2331 | D:3      | Found a glowing drain.
  2335 | Sewer    | Entered a sewer
  2352 | Sewer    | Noticed Pargi
  2358 | Sewer    | Killed Pargi
  2359 | Sewer    | Reached XP level 5. HP: 29/45 MP: 4/12
  2714 | D:3      | Found a runed translucent gate.
  2715 | D:3      | Found a runed translucent gate.
  2717 | D:3      | Found a runed translucent gate.
  2754 | D:3      | Noticed paps's ghost (amateur OpSu)
  2805 | D:3      | Found Xuviutz's Weapon Shop.
  2868 | D:3      | Found a runed translucent door.
  2869 | D:3      | Noticed Crazy Yiuf
  2927 | D:3      | Bought a potion of heal wounds for 60 gold pieces
  3139 | D:3      | Found Icaza's Weapon Shoppe.
  3347 | D:3      | HP: 1/45 [orc/+0 flail (9)]
  3347 | D:3      | Slain by an orc

Illustrated notes

Levels and vault maps discovered:
D:1:      dpeg_arrival_rooms_c, layout_rooms, minmay_door_square,
          minmay_statues_item, minivault_23, dk_noncrumbling_4,
          serial_bayou_pond_e, st_stairs_6, grunt_decor_clamped
D:2:      layout_loops_corners, basic_altar, chequers_ecumenical_altar_island,
          st_stairs_11
D:3:      layout_basic, serial_shops, shop, nicolae_shop_bloodbath_and_beyond,
          shop_statue, nicolae_shop_trees, nicolae_shop_hallway_stairs,
          gammafunk_ghost_icy, gup_sewer_entry_spiral, uniq_crazy_yiuf_cottage
D:4:      layout_loops_ring, minmay_temple_entry_offerings, lemuel_old_faithful

Skill      XL: |  1  2  3  4 |
---------------+-------------+-----
Earth Magic    | 3 4 |  4.4
Spellcasting   | 3 4 |  4.8
Dodging        | |  1.7
Stealth        | |  1.4
Conjurations   | |  0.2
Transmutations | |  0.8

Action                   |  1- 3 |  4- 6 || total
-------------------------+-------+-------++-------
Melee: Unarmed           |    15 |       ||    15
       Dagger            |       |    23 ||    23
 Cast: Sandblast         |    44 |    36 ||    80
  Use: Scroll            |       |     4 ||     4
 Stab: Sleeping          |       |     3 ||     3
Armor: Robe              |    14 |     9 ||    23
Dodge: Dodged            |    32 |    27 ||    59

Table legend: (Time is in decaauts)
 A = Elapsed time spent in this place.
 B = Non-inter-level travel time spent in this place.
 C = Inter-level travel time spent in this place.
 D = Time resting spent in this place.
 E = Time spent auto-exploring this place.
 F = Levels seen in this place.
 G = Mean time per level.
                   A        B        C        D        E       F      G
               +--------+--------+--------+--------+--------+-----+--------+
         Total |   3397 |   3142 |    255 |      0 |   2702 |   5 |  679.4 |
       Dungeon |   3077 |   2822 |    255 |      0 |   2425 |   4 |  769.2 |
         Sewer |    320 |    320 |      0 |      0 |    277 |   1 |  320.0 |
               +--------+--------+--------+--------+--------+-----+--------+

Top non-repeatable levels by time:
     D:2: 1119 daAuts
     D:3: 1017 daAuts
     D:1: 935 daAuts
   Sewer: 320 daAuts
     D:4: 4 daAuts
